 Dungeon Crawl Stone Soup version 0.31.0-12-g77e489cdc1 (webtiles) character file.

Game seed: 1099191847446015391

126 spaghetti the Trooper (level 5, 0/52 HPs)
             Began as a Naga Chaos Knight on Mar 1, 2024.
             Was a Plaything of Xom.
             Incinerated by a bombardier beetle (5 damage)
             ... with a burning spray
             ... on level 3 of the Dungeon.
             The game lasted 00:03:15 (1540 turns).

spaghetti the Trooper (Naga Chaos Knight)           Turns: 1540, Time: 00:03:15

Health: 0/52       AC:  7    Str: 15 (17) XL:     5   Next: 10%
Magic:  5/5        EV:  2    Int: 12      God:    Xom [....*.]
Gold:   113        SH:  0    Dex:  8 (10) Spells: 4/4 levels left

rFire   . .          .
                       - Unarmed
rCold   . . .        (no shield)
rNeg    . . .        m - +0 plate armour
rPois   +            (no helmet)
rElec   .            (no cloak)
rCorr   .            (no gloves)
SInv    +            (no barding)
Will    .....        (no amulet) Stlth
                     (no ring)
HPRegen 0.28/turn    (no ring)
MPRegen 0.09/turn

%: no passive effects
@: on fire, glowing, very slow
A: AC +1, large, see invisible, deformed body, poison resistance, slowness 2,
spit poison 1, naga tail 1
a: Spit Poison, Renounce Religion


You were on level 3 of the Dungeon.
You worshipped Xom.
You were a beloved toy of Xom.
You visited 1 branch of the dungeon, and saw 3 of its levels.

You collected 113 gold pieces.

Inventory:

Armour
 a - a +2 leather armour
 m - a +0 plate armour (worn)
Jewellery
 d - an amulet of faith
Scrolls
 b - a scroll of butterflies
 j - a scroll of amnesia
 l - 2 scrolls of vulnerability
 n - 2 scrolls of fear {unknown}
Potions
 i - a potion of degeneration
 o - a potion of heal wounds


   Skills:
 + Level 5.1 Fighting
 - Level 1.9 Armour
 - Level 1.2 Dodging
 - Level 3.2 Unarmed Combat


You had 4 spell levels left.
You didn't know any spells.
Your spell library contained the following spells:

 Spells                   Type           Power      Damage    Failure   Level
 Tukima's Dance           Hex            0%         N/A       100%        3
 Passage of Golubria      Tloc           0%         N/A       100%        4
 Yara's Violent Unravell  Hex/Alch       0%         3d3       100%        5


Dungeon Overview and Level Annotations

Branches:
Dungeon (3/15)

Altars:
Xom

Annotations:
D:1 1 transporter


Innate Abilities, Weirdness & Mutations

Your serpentine skin is tough. (AC +1)
You have supernaturally acute eyesight. (SInv)
Armour fits poorly on your strangely shaped body.
Your system is resistant to poisons. (rPois)
You cover ground very slowly.
You can spit poison.
You have a snake-like lower body.


Message History

The liquid fire burns you!
The kobold hits you with a +0 short sword.
You miss the kobold.
The kobold is moderately wounded.
The liquid fire burns you!
You have got your breath back.
The kobold hits you but does no damage.
The bombardier beetle sprays incendiary fluid at you.
The burning spray hits you.
You are even more covered in liquid fire!
Unknown command.
You closely miss the kobold.
The kobold is moderately wounded.
The liquid fire burns you!
* * * LOW HITPOINT WARNING * * *
The kobold hits you but does no damage.
The bombardier beetle bites you but does no damage.
Unknown command.
Unknown command.
You completely miss the kobold.
The kobold is moderately wounded.
The liquid fire burns you!
* * * LOW HITPOINT WARNING * * *
The kobold hits you with a +0 short sword.
* * * LOW HITPOINT WARNING * * *
You emit a cloud of colourful smoke!
Unknown command.
You hit the kobold.
The kobold is severely wounded.
The liquid fire burns you!
* * * LOW HITPOINT WARNING * * *
The kobold hits you but does no damage.
The bombardier beetle sprays incendiary fluid at you.
The burning spray hits you.
You are even more covered in liquid fire!
Unknown command.
You hit the kobold.
You kill the kobold!
The liquid fire burns you!
You die...

#.. #.# ## #.#
...####.# #
..)..#.######## .#
.....? ....###..#
#.#B####........
#.##.§@............
..>....§§......#
##...........†.####.##
:......!......<.......
#####.#.####...#####..
#.#.# #..<# .....
....(# #..#.#####..#
..#. ...#


You could see a bombardier beetle.

Vanquished Creatures
  4 adders
  4 gnolls (D:2)
  A dart slug (D:2)
  2 ribbon worms (D:2)
  5 ball pythons
  5 endoplasms
  4 giant cockroaches
  2 goblins (D:1)
  6 hobgoblins
  A bat (D:2)
  A frilled lizard (D:1)
  6 kobolds
  6 rats
47 creatures vanquished.

Notes
Turn   | Place    | Note
-------+----------+-------------------------------------------
     0 | D:1      | spaghetti the Naga Chaos Knight began the quest for the
                  | Orb.
     0 | D:1      | Reached XP level 1. HP: 21/21 MP: 1/1
    61 | D:1      | XOM: silly message
    63 | D:1      | Reached skill level 1 in Dodging
    71 | D:1      | HP: 1/21 [goblin/+0 club (3)]
    72 | D:1      | Reached XP level 2. HP: 1/28 MP: 2/2
   206 | D:1      | XOM: divination: detect creatures
   447 | D:1      | Reached XP level 3. HP: 34/34 MP: 3/3
   497 | D:1      | XOM is BORED!
   497 | D:1      | XOM: silly message
   885 | D:2      | Reached skill level 4 in Fighting
   968 | D:2      | Reached XP level 4. HP: 44/44 MP: 4/4
  1154 | D:2      | XOM: silly message
  1158 | D:2      | XOM: confuse monster(s)
  1235 | D:2      | XOM: cloud trail
  1317 | D:2      | XOM: scenery: create altars
  1417 | D:2      | Reached XP level 5. HP: 48/51 MP: 5/5
  1480 | D:3      | Reached skill level 5 in Fighting
  1538 | D:3      | XOM: smoke on damage
  1540 | D:3      | Incinerated by a bombardier beetle

Illustrated notes

Levels and vault maps discovered:
D:1:      spicycebolla_arrival_transporter_tutorial, layout_basic,
          minmay_pentomino_s4
D:2:      layout_loops_ring
D:3:      layout_loops_ring

Skill      XL: |  1  2  3  4  5 |
---------------+----------------+-----
Dodging        | 1 |  1.2
Fighting       | 4 5 |  5.1
Armour         | |  1.9
Unarmed Combat | |  3.2

Action                     |  1- 3 |  4- 6 || total
---------------------------+-------+-------++-------
  Melee: Unarmed           |    93 |    72 ||   165
         Punch             |       |     2 ||     2
Ability: Spit Poison       |    18 |    10 ||    28
    Use: Potion            |       |     6 ||     6
         Scroll            |       |     4 ||     4
 Armour: Leather armour    |    54 |       ||    54
         Plate armour      |    27 |    64 ||    91
         Skin              |       |    26 ||    26
  Dodge: Dodged            |    34 |     6 ||    40
